 Dungeon Crawl Stone Soup version 0.23-a0-582-g1b4a0ca (webtiles) character file.

16637 Inarius the Cleaver (level 12, -4/91 HPs)
             Began as a Demonspawn Chaos Knight on Dec 15, 2018.
             Was a Plaything of Xom.
             Hit by a large rock thrown by a cyclops (28 damage)
             ... on level 11 of the Dungeon on Dec 16, 2018.
             The game lasted 00:30:09 (12021 turns).

Inarius the Cleaver (Demonspawn Chaos Knight)      Turns: 12021, Time: 00:30:10

Health: -4/91      AC: 20    Str: 16    XL:     12   Next: 11%
Magic:  0/16       EV: 12    Int: 26    God:    Xom [.*....]
Gold:   3273       SH:  0    Dex: 13    Spells: 11/11 levels left

rFire    x . .     SeeInvis +   C - +8 war axe of Irritation {pain, +Blink rF- Int+6}
rCold    + + .     Gourm    .   (no shield)
rNeg     . . .     Faith    +   f - +5 ring mail
rPois    +         Spirit   +   (helmet unavailable)
rElec    .         Reflect  .   w - +2 cloak
rCorr    .         Harm     .   (no gloves)
MR       .....     Rnd*Rage +   (no boots)
Stlth    +.........             Q - amulet of faith
HPRegen  0.25/turn              t - ring of protection from cold
MPRegen  0.30/turn              J - +3 ring of intelligence

@: berserk cooldown, slowed, drained, very slow
A: antennae 3, slimy green scales 3, berserk 1, blink, clever 1, cold resistance
1, mutation resistance 1, powered by pain 2, screaming 2, shaggy fur 2, wild
magic 2, magic shield, magic regeneration, MP-powered wands
a: Blink, Renounce Religion, Evoke Blink


You were on level 11 of the Dungeon.
You worshipped Xom.
You were a plaything of Xom.
You were not hungry.

You visited 1 branch of the dungeon, and saw 13 of its levels.
You also visited: Sewer.

You collected 3427 gold pieces.
You spent 154 gold pieces at shops.

Inventory:

Hand Weapons
 C - the +8 war axe of Irritation (weapon) {pain, +Blink rF- Int+6}
   (You found it on level 5 of the Dungeon)

   In the hands of one skilled in necromantic magic, it inflicts extra damage on
   living creatures.
   It affects your intelligence (+6).
   It makes you vulnerable to fire.
   It lets you blink.
 R - a +2 broad axe
Missiles
 h - 5 throwing nets (quivered)
Armour
 f - a +5 ring mail (worn)
 q - a +1 hat
 w - a +2 cloak (worn)
 M - a +0 plate armour
Jewellery
 t - a ring of protection from cold (left hand)
 J - a +3 ring of intelligence (right hand)
 K - an uncursed ring of wizardry
 Q - an amulet of faith (around neck)
Wands
 u - a wand of enslavement (10)
 x - a wand of disintegration (16)
Scrolls
 a - a scroll of vulnerability {unknown}
 e - a scroll of magic mapping
 k - 8 scrolls of remove curse
 o - 2 scrolls of fog
 p - 2 scrolls of amnesia
 r - a scroll of immolation
 y - 3 scrolls of fear
 z - a scroll of random uselessness {unknown}
 D - 3 scrolls of teleportation
 F - 2 scrolls of blinking {unknown}
 G - a scroll of enchant armour
 O - 4 scrolls of torment
Potions
 b - a potion of heal wounds
 d - 2 potions of curing
 g - 3 potions of cancellation
 i - a potion of magic
 j - 3 potions of might
 l - a potion of haste
 n - a potion of berserk rage
 v - 4 potions of flight
 I - a potion of ambrosia {unknown}
 L - a potion of lignification
 P - 2 potions of agility
Miscellaneous
 N - a fan of gales
Comestibles
 c - 23 rations
 m - 6 chunks of flesh


   Skills:
 + Level 7.4(6.8) Fighting
 * Level 13.9(13.2) Axes
 + Level 6.4(5.8) Armour
 + Level 4.7(4.1) Dodging
 - Level 0.4(0.0) Stealth
 * Level 6.3(5.7) Evocations


You had 11 spell levels left.
You didn't know any spells.
Your spell library contained the following spells:

 Spells                   Type           Power        Failure   Level  Hunger
 Confusing Touch          Hex            #.....       38%         1    ##.....
 Confuse                  Hex            #.......     71%         3    ####...
 Gell's Gravitas          Tloc           #.........   71%         3    ####...
 Petrify                  Tmut/Erth      #.......     97%         4    #####..
 Metabolic Englaciation   Hex/Ice        #.........   100%        5    ######.
 Yara's Violent Unravell  Hex/Tmut       #.........   100%        5    ######.


Dungeon Overview and Level Annotations

Branches:
Dungeon (13/15)            Temple (0/1) D:5            Lair (0/6) D:9
    Orc (0/2) D:9
 Vaults: D:13-14

Altars:
Ashenzari
Cheibriados
Dithmenos
Elyvilon
Gozag
Hepliaklqana
Okawaru
Qazlal
Trog
Wu Jian
Xom
Zin
The Shining One
Beogh

Shops:
D:4 ?

Annotations:
D:9 3 runed doors, Leeroy's ghost, novice GnSk
D:10 exclusion: orange crystal statue
D:11 Gastronok


Innate Abilities, Weirdness & Mutations

You have a pair of large antennae on your head. (SInv)
You are completely covered in slimy green scales. (AC +4, rPois)
You sometimes gain power by taking damage.
When hurt, damage is shared between your health and your magic reserves.
You regenerate magic rapidly.
You tend to lose your temper in combat.
You can translocate small distances at will.
Your mind is acute. (Int +2)
Your flesh is cold resistant. (rC+)
You are somewhat resistant to further mutation.
You sometimes yell uncontrollably at your foes.
You are covered in thick fur. (AC +2)
Your spells are harder to cast, but more powerful.
You expend magic power (3 MP) to strengthen your wands.


Message History

The water elemental is heavily damaged.
Your lungs strain for air!
The water elemental hits you.
You slash the water elemental!
The water elemental is severely damaged.
Your lungs strain for air!
The water elemental barely misses you. The water elemental hits you.
You slice the water elemental!!
You destroy the water elemental!
You gasp with relief as air once again reaches your lungs.
A cyclops comes into view.
A cyclops is nearby!
A cyclops is nearby!
The cyclops shouts!
The cyclops throws a large rock.
The large rock hits you!!
* * * LOW HITPOINT WARNING * * *
You see here a large rock.
The cyclops throws a large rock.
The large rock hits you!!
You die...
Xom bursts into laughter!

***********,*,,,,,8,,,_,,,8,,,,≈≈
,,,,,T,,,,,,###≈....,,..,......≈≈
**,,,,***#....#≈...##...*#.....≈≈
.#,..,#,,#....#≈...##...##....≈≈≈
.##''##..#)...#≈.C....8......≈≈≈≈
.........#.g..#≈≈...........≈≈≈≈≈
..≈...≈..######≈...........≈≈≈≈≈≈
≈≈≈..≈≈≈≈≈≈≈≈≈≈≈..........≈≈≈≈≈≈≈
≈≈..............@........≈≈≈≈###.
......####.....(........≈≈≈≈##.##
......#.[#..............≈≈≈##...#
......#..#..............≈≈≈#.....
......#'##......####....≈≈≈##...#
................#>.#....≈≈≈≈##.#'
#...............#..#....≈≈≈≈.###.
'......)..####..##'#....≈≈≈≈.)...
#.........#..#..........≈≈≈≈.....


You could see a cyclops and a gnoll shaman.

Vanquished Creatures
  Josephine (D:11)
  Harold (D:7)
  A centaur warrior (D:13)
  Sonja (D:11)
  2 unseen horrors (D:11)
  A manticore (D:12)
  The ghost of bli the Martial Artist, a novice OpTm of Uskayaw (D:6)
  Psyche (D:11)
  A gargoyle (D:13)
  A centaur skeleton (D:11)
  A kobold demonologist (D:9)
  A komodo dragon (D:9)
  A merfolk (D:11)
  A queen bee (D:10)
  2 trolls
  4 hippogriffs
  A shadow (D:11)
  A water elemental (D:11)
  3 wraiths (D:11)
  A hog (D:11)
  Grum (D:9)
  3 wyverns
  6 yaks
  A hungry ghost (D:9)
  A naga (D:11)
  A water moccasin (D:11)
  A water moccasin (shapeshifter) (D:13)
  A porcupine (D:2)
  A phantom (D:10)
  5 ice beasts
  4 orc warriors
  A sky beast (D:10)
  7 black bears (D:11)
  2 eyes of draining (D:11)
  2 necrophages
  4 ogres
  3 wolves (D:9)
  2 centaurs
  3 big kobolds
  3 crocodiles
  12 bullfrogs
  A wyvern zombie (D:13)
  A scorpion (D:6)
  17 killer bees
  4 electric eels (D:11)
  6 howler monkeys
  4 crimson imps
  A bullfrog zombie (D:11)
  2 gnoll shamans (D:11)
  4 jellies
  4 orc priests
  A hound (D:11)
  Crazy Yiuf (D:2)
  A bullfrog skeleton (D:11)
  Natasha (thrice) (D:3)
  Ijyb (D:3)
  Terence (D:3)
  3 iguanas
  7 orc wizards
  4 worker ants
  A killer bee zombie (D:6)
  2 centaur simulacra (D:6)
  2 hound zombies
  2 hound skeletons
  A worker ant zombie (D:5)
  Robin (D:2)
  3 gnolls (D:4)
  11 adders
  2 river rats
  2 shadow imps
  An ooze (D:1)
  An adder zombie (D:7)
  2 adder skeletons
  3 worms
  3 dart slugs
  2 leopard geckos
  21 orcs
  6 ball pythons
  4 giant cockroaches
  23 goblins
  12 hobgoblins
  5 jackals
  14 kobolds
  2 quokkas
  5 bats
  6 frilled lizards
  21 rats
  8 plants (D:11)
323 creatures vanquished.

Vanquished Creatures (collateral kills)
  A wyvern skeleton (D:7)
  A jelly (D:7)
  A kobold (D:8)
  A leopard gecko zombie (D:7)
4 creatures vanquished.

Vanquished Creatures (others)
  An orc wizard (D:7)
  12 plants
13 creatures vanquished.

Grand Total: 340 creatures vanquished

Notes
Turn   | Place    | Note
-------+----------+-------------------------------------------
     0 | D:1      | Inarius the Demonspawn Chaos Knight began the quest for the
                  | Orb.
     0 | D:1      | Reached XP level 1. HP: 18/18 MP: 1/1
   117 | D:1      | Reached skill level 3 in Axes
   120 | D:1      | Gained mutation: When hurt, damage is shared between your
                  | health and your magic reserves. [demonic ancestry]
   120 | D:1      | Reached XP level 2. HP: 24/24 MP: 2/2
   446 | D:1      | XOM: cloud trail
   725 | D:1      | XOM: noise
   729 | D:1      | Reached XP level 3. HP: 29/29 MP: 3/3
  1004 | D:2      | Noticed a porcupine
  1004 | D:2      | a worm changed into a porcupine
  1005 | D:2      | Killed a porcupine
  1005 | D:2      | Reached skill level 4 in Axes
  1005 | D:2      | Reached skill level 1 in Dodging
  1005 | D:2      | Gained mutation: You are partially covered in slimy green
                  | scales. (AC +2) [demonic ancestry]
  1005 | D:2      | Reached XP level 4. HP: 34/35 MP: 4/4
  1035 | D:2      | Gained mutation: You have a pair of small antennae on your
                  | head. [demonic ancestry]
  1035 | D:2      | Reached XP level 5. HP: 41/41 MP: 5/5
  1102 | D:2      | Found a stormy altar of Qazlal.
  1176 | D:2      | XOM: 1-stop teleportation journey
  1220 | D:2      | Noticed Robin
  1365 | D:2      | Killed Robin
  1648 | D:2      | Found a runed door.
  1739 | D:2      | Noticed Crazy Yiuf
  1999 | D:3      | Noticed Terence
  2000 | D:3      | Noticed Natasha
  2012 | D:3      | Killed Terence
  2012 | D:3      | Reached skill level 5 in Axes
  2036 | D:3      | Killed Natasha
  2099 | D:3      | Gained mutation: You have a pair of antennae on your head.
                  | [demonic ancestry]
  2099 | D:3      | Reached XP level 6. HP: 41/48 MP: 6/6
  2487 | D:3      | Noticed Ijyb
  2489 | D:3      | Noticed Natasha
  2498 | D:3      | Killed Natasha
  2499 | D:3      | Killed Ijyb
  2618 | D:2      | Found a shattered altar of Ashenzari.
  2618 | D:2      | Found a shimmering altar of Xom.
  2625 | D:2      | Killed Crazy Yiuf
  2632 | D:2      | Found a white marble altar of Elyvilon.
  2849 | D:3      | Noticed Natasha
  2856 | D:3      | Killed Natasha
  3069 | D:4      | Found a glowing drain.
  3080 | Sewer    | XOM: stealth player
  3080 | Sewer    | Entered a sewer
  3156 | Sewer    | XOM: noise
  3167 | Sewer    | Gained mutation: You occasionally shout uncontrollably at
                  | your foes. [potion of mutation]
  3167 | Sewer    | Gained mutation: You tend to lose your temper in combat.
                  | [potion of mutation]
  3167 | Sewer    | Gained mutation: You sometimes yell uncontrollably at your
                  | foes. [potion of mutation]
  3167 | Sewer    | Gained mutation: You are mostly covered in slimy green
                  | scales. (AC +3) [potion of mutation]
  3173 | Sewer    | Gained mutation: You have a pair of large antennae on your
                  | head. (SInv) [demonic ancestry]
  3173 | Sewer    | Reached XP level 7. HP: 36/53 MP: 7/7
  3191 | Sewer    | XOM: medium Summ miscast
  3196 | Sewer    | XOM: give mutations
  3196 | Sewer    | Gained mutation: You expend magic power (3 MP) to
                  | strengthen your wands. [Xom's grace]
  3196 | Sewer    | Gained mutation: Your spells are a little harder to cast,
                  | but a little more powerful. [Xom's grace]
  3196 | Sewer    | Gained mutation: You are covered in fur. (AC +1) [Xom's
                  | grace]
  3196 | Sewer    | Gained mutation: You are completely covered in slimy green
                  | scales. (AC +4, rPois) [Xom's grace]
  3486 | Sewer    | Found a white marble altar of Elyvilon.
  3579 | D:4      | Noticed a moth of wrath
  3583 | D:4      | Found a bloodstained altar of Trog.
  3699 | D:4      | Reached skill level 6 in Axes
  4227 | D:4      | Found Joxeo's Magic Scroll Shoppe.
  4239 | D:4      | Bought a scroll of identify for 28 gold pieces
  4239 | D:4      | Bought a scroll of identify for 28 gold pieces
  4239 | D:4      | Bought a scroll of teleportation for 42 gold pieces
  4239 | D:4      | Bought 2 scrolls of identify for 56 gold pieces
  4278 | D:4      | XOM: stat loss: -1 Str (13/14)
  4362 | D:5      | Entered Level 5 of the Dungeon
  4369 | D:5      | Found a staircase to the Ecumenical Temple.
  4371 | D:5      | Got a scorched war axe
  4372 | D:5      | Identified the +8 war axe of Irritation {pain, +Blink rF-
                  | Int+6} (You found it on level 5 of the Dungeon)
  4611 | D:5      | Found an opulent altar of Gozag.
  4611 | D:5      | Found a glowing golden altar of the Shining One.
  4612 | D:5      | Found a snail-covered altar of Cheibriados.
  4615 | D:5      | Found an ornate altar of the Wu Jian Council.
  4749 | D:5      | Found a glowing silver altar of Zin.
  4804 | D:5      | XOM: god gift: 6 needles of confusion
  4952 | D:6      | XOM: summons 7 friendly demons
  5089 | D:6      | Found a hazy altar of Hepliaklqana.
  5119 | D:6      | Reached skill level 7 in Axes
  5143 | D:6      | Gained mutation: You sometimes gain a little power by
                  | taking damage. [demonic ancestry]
  5143 | D:6      | Reached XP level 8. HP: 45/61 MP: 6/8
  5429 | D:6      | XOM: noise
  5488 | D:6      | Found an iron altar of Okawaru.
  5575 | D:6      | Found a runed gate.
  5575 | D:6      | Found a runed gate.
  5575 | D:6      | Found a runed gate.
  5575 | D:6      | Noticed bli's ghost (novice OpTm)
  5774 | D:7      | Noticed a hippogriff
  5788 | D:7      | XOM: cast spell 'Disjunction'
  5820 | D:6      | XOM: god gift: potion of flight
  5952 | D:6      | Killed a hippogriff
  5952 | D:6      | Reached skill level 8 in Axes
  6122 | D:7      | Noticed Harold
  6123 | D:7      | XOM: divination: detect creatures
  6134 | D:7      | Killed Harold
  6134 | D:7      | Reached skill level 5 in Fighting
  6134 | D:7      | Reached skill level 9 in Axes
  6134 | D:7      | Reached XP level 9. HP: 39/68 MP: 4/10
  6163 | D:7      | XOM: god gift: 40 gold pieces
  6221 | D:7      | XOM: 2-stop teleportation journey
  6332 | D:7      | XOM: enchant monster (good)
  6333 | D:7      | Upgraded the game from 0.23-a0-577-g2b1de94 to
                  | 0.23-a0-582-g1b4a0ca
  6762 | D:7      | XOM: scenery: create altars
  7080 | D:8      | XOM: summons 3 friendly demons
  7085 | D:8      | Reached skill level 10 in Axes
  7436 | D:8      | Reached skill level 5 in Armour
  7468 | D:8      | Found a shadowy altar of Dithmenos.
  7521 | D:9      | Noticed a kobold demonologist
  7532 | D:9      | Killed a kobold demonologist
  7579 | D:9      | Found a runed gate.
  7580 | D:9      | Found a runed gate.
  7581 | D:9      | Found a runed gate.
  7583 | D:9      | Noticed Leeroy's ghost (novice GnSk)
  7606 | D:9      | Mutation became permanent: You are mostly covered in slimy
                  | green scales. (AC +3) [demonic ancestry]
  7606 | D:9      | Gained mutation: You are completely covered in slimy green
                  | scales. (AC +4, rPois) [demonic ancestry]
  7606 | D:9      | Reached XP level 10. HP: 75/75 MP: 12/12
  7712 | D:9      | Found a staircase to the Orcish Mines.
  7725 | D:9      | Found a roughly hewn altar of Beogh.
  7770 | D:9      | XOM: stat loss: -1 Dex (12/13)
  7884 | D:9      | XOM: torment (44/75 hp)
  7924 | D:9      | XOM: severe Tloc miscast
  7975 | D:9      | XOM: god gift: fan of gales
  8015 | D:8      | Gained mutation: You are dopey. (Int -2) [mutagenic glow]
  8090 | D:6      | Killed bli's ghost
  8090 | D:6      | Reached skill level 11 in Axes
  8153 | D:7      | XOM: mild Necr miscast
  8231 | D:9      | XOM: mild Necr miscast
  8274 | D:9      | Noticed Grum
  8286 | D:9      | Killed Grum
  8513 | D:9      | Found a staircase to the Lair.
  8542 | D:9      | HP: 3/75 [komodo dragon (9)]
  8739 | D:9      | XOM: silly message
  8788 | D:9      | XOM: harmless Chrm miscast
  8813 | D:10     | Entered Level 10 of the Dungeon
  8832 | D:10     | XOM is BORED!
  8832 | D:10     | XOM: noise
  8858 | D:10     | XOM: chaos cloud
  8913 | D:10     | XOM: polymorph orc warrior -> worker ant
  8925 | D:10     | XOM: harmless Summ miscast
  8978 | D:10     | XOM: harmless Necr miscast
  8983 | D:10     | XOM: harmless Ice miscast
  8999 | D:10     | XOM: give mutations
  8999 | D:10     | Gained mutation: You are somewhat resistant to further
                  | mutation. [Xom's grace]
  8999 | D:10     | Lost mutation: You are dopey. (Int -2) [Xom's grace]
  8999 | D:10     | Gained mutation: Your spells are harder to cast, but more
                  | powerful. [Xom's grace]
  8999 | D:10     | Gained mutation: You are covered in thick fur. (AC +2)
                  | [Xom's grace]
  9056 | D:10     | XOM: god gift: 2 scrolls labeled HEALIE HOECW {god gift}
  9081 | D:10     | XOM: cloud trail
  9147 | D:10     | XOM: god gift: 42 gold pieces
  9149 | D:10     | XOM: enchant monster (bad)
  9155 | D:10     | XOM: god gift: runed robe {god gift}
  9256 | D:10     | XOM: god gift: 2730 gold pieces
  9271 | D:10     | XOM: give mutations
  9271 | D:10     | Gained mutation: You have sharp toenails. [Xom's grace]
  9271 | D:10     | Gained mutation: You can translocate small distances at
                  | will. [Xom's grace]
  9308 | D:10     | XOM: summons 2 hostile shadow creatures
  9326 | D:10     | Noticed a molten gargoyle
  9327 | D:10     | Noticed an orange crystal statue
  9367 | D:10     | You fall through a shaft for 3 floors!
  9386 | D:13     | Noticed a centaur warrior
  9396 | D:13     | Noticed a gargoyle
  9397 | D:13     | XOM: enchant monster (good)
  9398 | D:13     | Reached skill level 12 in Axes
  9401 | D:13     | Killed a centaur warrior
  9401 | D:13     | Gained mutation: You regenerate magic rapidly. [demonic
                  | ancestry]
  9401 | D:13     | Reached XP level 11. HP: 61/82 MP: 0/14
  9402 | D:13     | Reached skill level 5 in Evocations
  9463 | D:13     | XOM: scenery: create altars
  9490 | D:13     | Noticed a catoblepas
  9602 | D:11     | XOM: fog
  9618 | D:11     | Noticed Snorg
  9623 | D:11     | XOM: divination: detect creatures
  9675 | D:12     | XOM: fake destruction
  9838 | D:11     | XOM: fog
  9929 | D:11     | XOM: polymorph black bear -> naga
 10191 | D:11     | XOM: 2-stop teleportation journey
 10285 | D:11     | Noticed Snorg
 10285 | D:11     | Snorg changed into Snorg the unseen horror
 10285 | D:11     | XOM: polymorph Snorg -> Snorg the unseen horror
 10293 | D:11     | Killed Snorg the unseen horror
 10328 | D:11     | Noticed Sonja
 10329 | D:11     | XOM: scenery: create altars
 10332 | D:11     | XOM: enchant monster (bad)
 10337 | D:11     | XOM: chaos upgrade
 10342 | D:11     | Killed Sonja
 10342 | D:11     | Reached skill level 13 in Axes
 10420 | D:11     | XOM: divine lightning
 10676 | D:11     | Noticed an unseen horror
 10679 | D:11     | XOM: smoke on damage
 10684 | D:11     | XOM: 1-stop teleportation journey
 10685 | D:11     | Noticed Gastronok
 10687 | D:11     | XOM: 1-stop teleportation journey
 10808 | D:11     | Killed an unseen horror
 10908 | D:11     | XOM: 2-stop teleportation journey
 11042 | D:11     | XOM: smoke on damage
 11102 | D:11     | XOM: give mutation
 11102 | D:11     | Lost mutation: You have sharp toenails. [Xom's mischief]
 11452 | D:11     | Noticed Josephine
 11460 | D:11     | XOM: smoke on damage
 11467 | D:11     | XOM: medium Tloc miscast
 11469 | D:11     | Noticed Gastronok
 11469 | D:11     | Gastronok changed into Gastronok the juggernaut
 11469 | D:11     | XOM: polymorph Gastronok -> Gastronok the juggernaut
 11469 | D:11     | Noticed Psyche
 11507 | D:11     | XOM: scenery: 1 doors open
 11618 | D:11     | XOM: 4-stop teleportation journey
 11665 | D:11     | XOM: give mutations
 11665 | D:11     | Gained mutation: Your flesh is cold resistant. (rC+) [Xom's
                  | grace]
 11665 | D:11     | Gained mutation: Your mind is acute. (Int +2) [Xom's grace]
 11879 | D:11     | Killed Josephine
 11879 | D:11     | Gained mutation: You sometimes gain power by taking damage.
                  | [demonic ancestry]
 11879 | D:11     | Reached XP level 12. HP: 84/91 MP: 13/16
 11996 | D:11     | XOM: confuse monster(s)
 12006 | D:11     | Killed Psyche
 12009 | D:11     | XOM: confuse monster(s)
 12021 | D:11     | Hit by a large rock thrown by a cyclops

Vault maps used:
D:1:      dpeg_arrival_shelter, minmay_rat_gold_closets
D:2:      grunt_qazlal_clouds, nicolae_overflow_hidden_temple,
          uniq_crazy_yiuf_cottage, uniq_robin
D:3:      first_ration, uniq_terence, uniq_natasha, uniq_ijyb
D:4:      kennysheep_the_goblin_king, tgw_trog, serial_shops,
          nicolae_shop_stone, portal_sewer_entry_b
D:5:      zin_statuary, minitemple, minmay_temple_entry_glass
D:6:      kennysheep_okawaru_gauntlet, overflow_temple_1_default,
          gammafunk_ghost_necromancy, serial_bayou_pond_a, nrook_loot_triangle
D:7:      uniq_harold
D:8:      kennysheep_little_box
D:9:      david_lair_shrubbed, minmay_orc_entry_temple_small,
          gammafunk_ghost_split, uniq_grum
D:10:     david_nohive_1, grunt_ministairs_1, nrook_pool_corridor, minivault_8
D:11:     kennysheep_town, uniq_psyche, uniq_snorg, uniq_gastronok,
          uniq_josephine, uniq_sonja
Sewer:    sewer_kobolds

Skill      XL: |  1  2  3  4  5  6  7  8  9 10 11 |
---------------+----------------------------------+-----
Axes           | 3 4 5 7 9 10 12 13 | 13.9
Armour         | 2 3 4 5 6 |  6.4
Dodging        | 1 2 3 4 |  4.7
Fighting       | 4 5 6 7 |  7.4
Evocations     | 2 3 4 6 |  6.3
Stealth        | |  0.4

Action                   |  1- 3 |  4- 6 |  7- 9 | 10-12 || total
-------------------------+-------+-------+-------+-------++-------
Melee: Hand axe          |    89 |   187 |    65 |       ||   341
       Quarterstaff      |       |    23 |    26 |       ||    49
       War axe           |       |       |   194 |   415 ||   609
       Kick              |       |       |       |    52 ||    52
Evoke: Wand              |       |       |     5 |    25 ||    30
  Use: Scroll            |       |     9 |     6 |    15 ||    30
       Potion            |       |     2 |     3 |     4 ||     9
 Stab: Petrified         |       |     5 |     8 |       ||    13
       Paralysed         |       |     1 |     2 |       ||     3
       Petrifying        |       |       |     1 |       ||     1
       Distracted        |       |       |       |     1 ||     1
       Invisible         |       |       |       |     1 ||     1
  Eat: Chunk             |       |     8 |    14 |    16 ||    38
Armor: Leather armour    |     5 |       |       |       ||     5
       Ring mail         |    35 |   109 |   141 |   260 ||   545
Dodge: Dodged            |    43 |   105 |   186 |   308 ||   642

Table legend:
 A = Non-vault XP
 B = Vault XP
 C = Vault XP percentage of total XP
 D = Non-vault monster count
 E = Vault monster count
 F = Vault count percentage of total count
                 A         B        C        D         E       F
            +---------+---------+-------+---------+---------+-------
      Total |   11906 |   11862 |  49.9 |     201 |     118 |  37.0
            +---------+---------+-------+---------+---------+-------
        D:1 |      41 |       8 |  16.3 |      21 |       8 |  27.6
        D:2 |     217 |      72 |  24.9 |      22 |      12 |  35.3
        D:3 |     177 |     109 |  38.1 |      19 |       3 |  13.6
        D:4 |     135 |      27 |  16.7 |      12 |      13 |  52.0
        D:5 |     148 |       0 |   0.0 |       5 |       0 |   0.0
        D:6 |     861 |     576 |  40.1 |      11 |       4 |  26.7
        D:7 |    1194 |    1023 |  46.1 |      26 |       1 |   3.7
        D:8 |     752 |       0 |   0.0 |      20 |       0 |   0.0
        D:9 |     896 |    1200 |  57.3 |       7 |      11 |  61.1
       D:10 |     884 |    1321 |  59.9 |      13 |      19 |  59.4
       D:11 |    3580 |    7203 |  66.8 |      31 |      34 |  52.3
       D:12 |     854 |     193 |  18.4 |       7 |       1 |  12.5
       D:13 |    2167 |       0 |   0.0 |       7 |       0 |   0.0
      Sewer |       0 |     130 | 100.0 |       0 |      12 | 100.0
            +---------+---------+-------+---------+---------+-------
